 Dungeon Crawl Stone Soup version 0.32-a0-675-gdc239d62e1 (webtiles) character file.

Game seed: 15553829183471001851

267 Rulersjester the Slasher (level 6, 0/46 HPs)
             Began as a Coglin Gladiator on Mar 11, 2024.
             Was an Initiate of Gozag.
             Succumbed to an adder's poison
             ... in a sewer.
             The game lasted 00:14:41 (3072 turns).

Rulersjester the Slasher (Coglin Gladiator)         Turns: 3072, Time: 00:14:41

Health: 0/46       AC:  6    Str: 16    XL:     6   Next: 21%
Magic:  6/6        EV: 12    Int:  8    God:    Gozag
Gold:   185        SH:  0    Dex: 15    Spells: 5/5 levels left

rFire   + . .        m - +2 trident (heavy) {Kazuki}
rCold   + + .        k - +2 hand axe (flame) {Yashnoor}
rNeg    . . .        b - +1 leather armour
rPois   +            c - +0 helmet
rElec   +            (no cloak)
rCorr   +            (no gloves)
SInv    .            l - +0 pair of boots
Will    .....        (amulet unavailable)
Stlth   +            (ring unavailable)
HPRegen 0.27/turn    (ring unavailable)
MPRegen 0.10/turn    (no gizmo)

%: no passive effects
@: mighty, lethally poisoned (0 -> -2), resistant, gold aura, hasted, revving,
quick
A: off-hand wielding, slow wielding, warmup strikes, no jewellery, cold
resistance 1, mutation resistance 1
a: Invent Gizmo, Renounce Religion, Potion Petition, Call Merchant, Bribe Branch


You were in a sewer.
You worshipped Gozag.
Gozag was aware of your devotion.
You visited 1 branch of the dungeon, and saw 3 of its levels.
You also visited: Sewer.

You collected 680 gold pieces.
You spent 150 gold pieces at shops.
You paid 345 gold pieces to Gozag.

Inventory:

Hand Weapons
 a - a +0 long sword {Paramjit}
 f - a +0 dagger {Paloma}
 k - a +2 hand axe of flaming (offhand) {Yashnoor}
 m - a +2 heavy trident (weapon) {Kazuki}
Missiles
 d - 3 throwing nets (quivered)
 e - a javelin
Armour
 b - a +1 leather armour (worn)
 c - a +0 helmet (worn)
 l - a +0 pair of boots (worn)
Scrolls
 g - a scroll of enchant armour
 j - a scroll of vulnerability
Potions
 h - a potion of resistance
 i - a potion of mutation


   Skills:
 + Level 2.5 Fighting
 + Level 0.4(2.3) Short Blades
 + Level 4.1 Long Blades
 + Level 1.9(2.3) Axes
 + Level 1.7(2.1) Polearms
 + Level 2.0 Throwing
 + Level 1.9 Armour
 + Level 3.3 Dodging
 + Level 0.8 Stealth


You had 5 spell levels left.
You didn't know any spells.
Your spell library contained the following spells:

 Spells                   Type           Power      Damage    Failure   Level
 Vhi's Electric Charge    Tloc/Air       0%         N/A       99%         4
 Arcjolt                  Conj/Air       0%         1d10      100%        5
 Maxwell's Capacitive Co  Air            0%         ∞         100%        8


Dungeon Overview and Level Annotations

Branches:
Dungeon (3/15)              Sewer (1/1)

Altars:
Gozag

Shops:
D:2 *


Innate Abilities, Weirdness & Mutations

You can wield a second weapon in your off-hand.
It takes a long time for you to wield or remove held weapons.
Your first few attacks do less damage.
You cannot equip rings or amulets.
Your flesh is cold resistant. (rC+)
You are somewhat resistant to further mutation.


Message History

You are no longer poisoned.
The adder bites you. The adder misses you.
You see here 15 gold pieces.
Your unstable footing causes you to fumble your attack. x2
The adder bites you but does no damage.
The river rat bites you but does no damage.
The adder barely misses you. The river rat bites you.
* * * LOW HITPOINT WARNING * * *
Your unstable footing causes you to fumble your attack.
You closely miss the river rat with your +2 heavy trident.
The adder bites you but does no damage. The river rat barely misses you.
The adder bites you.
* * * LOW HITPOINT WARNING * * *
You are poisoned.
The adder poisons you!
Okay, then.
Your unstable footing causes you to fumble your attack.
You puncture the river rat with your +2 heavy trident!
You kill the river rat!
You feel sick. The adder bites you.
* * * LOW HITPOINT WARNING * * *
You are lethally poisoned!
The adder poisons you! The adder completely misses you.
You hit the adder with your +2 heavy trident.
You kill the adder!
* * * LOW HITPOINT WARNING * * *
You feel very sick.
It was a potion of haste.
You feel yourself speed up.
* * * LOW HITPOINT WARNING * * *
You feel sick.
It was a potion of might.
You feel very mighty all of a sudden.
* * * LOW HITPOINT WARNING * * *
You feel sick.
It was a potion of resistance.
You feel protected.
* * * LOW HITPOINT WARNING * * *
You feel sick.
You die...
Your body crumbles into a pile of gold.

.. ... ...# #...#
#....####################
#.....#~≈≈≈≈~≈~.~~~~≈≈..#
#.....~~≈≈~≈~~≈≈≈~~#~≈...
#.....$$$≈~~#~≈#≈~≈~~~~..
##....~$@$≈≈~≈≈≈≈≈~~≈~...
##...~$$~≈≈≈≈≈≈≈≈≈≈~≈...
###.#≈≈≈≈≈≈≈≈≈≈≈≈≈≈≈#..
####################. ##
# # ##


There were no monsters in sight!

Vanquished Creatures
  An orc wizard (D:3)
  5 gnolls
  4 river rats (Sewer)
  6 adders
  3 dart slugs (D:2)
  2 ribbon worms
  5 orcs
  4 endoplasms
  3 giant cockroaches
  5 goblins
  6 hobgoblins
  5 kobolds
  6 quokkas
  9 ball pythons
  8 bats
  3 frilled lizards
  22 rats
97 creatures vanquished.

Notes
Turn   | Place    | Note
-------+----------+-------------------------------------------
     0 | D:1      | Rulersjester the Coglin Gladiator began the quest for the
                  | Orb.
     0 | D:1      | Reached XP level 1. HP: 16/16 MP: 1/1
    14 | D:1      | Found a faded altar of an unknown god.
    20 | D:1      | Prayed at the altar of an unknown god.
    20 | D:1      | Became a worshipper of Gozag Ym Sagoz the Greedy
   179 | D:1      | Reached XP level 2. HP: 17/22 MP: 2/2
   594 | D:1      | Gained mutation: You are somewhat resistant to further
                  | mutation. [potion of mutation]
   594 | D:1      | Gained mutation: Your flesh is cold resistant. (rC+)
                  | [potion of mutation]
   707 | D:1      | Reached XP level 3. HP: 20/27 MP: 3/3
  1405 | D:2      | Found Ytocw's Assorted Antiques.
  1417 | D:2      | Bought a runed hand axe for 150 gold pieces
  1476 | D:2      | Reached XP level 4. HP: 10/33 MP: 4/4
  1477 | D:2      | Reached skill level 4 in Long Blades
  1480 | D:2      | Reached skill level 1 in Armour
  2583 | D:3      | Reached skill level 1 in Polearms
  2583 | D:3      | Reached XP level 5. HP: 22/38 MP: 5/5
  2813 | D:3      | Reached skill level 1 in Axes
  2939 | D:3      | Found a glowing drain.
  2951 | Sewer    | Entered a sewer
  3044 | Sewer    | Reached XP level 6. HP: 45/46 MP: 6/6
  3069 | Sewer    | HP: 2/46 [poisoned by an adder]
  3072 | Sewer    | Succumbed to an adder's poison

Illustrated notes

Levels and vault maps discovered:
D:1:      minmay_arrival_glassed_features, layout_loops_corners,
          dreamdust_ecumenical_altar_statues, minmay_bisected
D:2:      wad_crossroads, layout_basic, serial_shops,
          nicolae_shop_competitors_out_of_business, minmay_octomino_j4
D:3:      layout_loops_corners, portal_sewer_entry_d, minmay_circle_x
Sewer:    sewer_minmay_w

Skill      XL: |  1  2  3  4  5 |
---------------+----------------+-----
Throwing       | 2 |  2.0
Dodging        | 3 |  3.3
Long Blades    | 4 |  4.1
Armour         | 1 |  1.9
Polearms       | 1 |  1.7
Axes           | 1 |  1.9
Fighting       | |  2.5
Short Blades   | |  0.4
Stealth        | |  0.8

Action                     |  1- 3 |  4- 6 || total
---------------------------+-------+-------++-------
  Melee: Dagger            |    46 |       ||    46
         Long sword        |    48 |       ||    48
         Trident           |     7 |    70 ||    77
         Hand axe          |     5 |    73 ||    78
 Invoke: Potion Petition   |       |     1 ||     1
    Use: Scroll            |     8 |       ||     8
         Potion            |     2 |     5 ||     7
   Stab: Sleeping          |     1 |     2 ||     3
         Distracted        |     1 |     3 ||     4
 Armour: Leather armour    |    53 |   151 ||   204
  Dodge: Dodged            |    45 |   126 ||   171

Table legend: (Time is in decaauts)
 A = Elapsed time spent in this place.
 B = Non-inter-level travel time spent in this place.
 C = Inter-level travel time spent in this place.
 D = Time resting spent in this place.
 E = Time spent auto-exploring this place.
 F = Levels seen in this place.
 G = Mean time per level.
                   A        B        C        D        E       F      G
               +--------+--------+--------+--------+--------+-----+--------+
         Total |   3162 |   3139 |     23 |      0 |    737 |   4 |  790.5 |
       Dungeon |   2995 |   2972 |     23 |      0 |    737 |   3 |  998.3 |
         Sewer |    166 |    166 |      0 |      0 |      0 |   1 |  166.0 |
               +--------+--------+--------+--------+--------+-----+--------+

Top non-repeatable levels by time:
     D:2: 1333 daAuts
     D:1: 1214 daAuts
     D:3: 447 daAuts
   Sewer: 166 daAuts
